 Dungeon Crawl Stone Soup version 0.25-a0-578-gc91f01c (webtiles) character file.

Game seed: 10060758931068743475, levelgen mode: deterministic

4 15 the Magician (level 1, 13/13 HPs)
             Began as a Mummy Fire Elementalist on Mar 3, 2020.
             Quit the game on level 1 of the Dungeon.
             The game lasted 00:02:08 (134 turns).

15 the Magician (Mummy Fire Elementalist)            Turns: 134, Time: 00:02:09

Health: 13/13      AC:  2    Str: 11    XL:     1   Next: 58%
Magic:  2/4        EV: 12    Int: 14    God:
Gold:   14         SH:  0    Dex: 12    Spells: 4/5 levels left

rFire    x . .     SeeInvis .   (no weapon)
rCold    + + .     Gourm    .   (no shield)
rNeg     + + +     Faith    .   a - +0 robe
rPois    ∞         Spirit   .   (no helmet)
rElec    .         Reflect  .   (no cloak)
rCorr    .         Harm     .   (no gloves)
MR       +....                  (no boots)
Stlth    ++........             (no amulet)
HPRegen  0.04/turn              d - ring of protection from cold
MPRegen  0.09/turn              c - ring of protection from magic

@: no status effects
A: no food or potions, fire vulnerability, cold resistance 1, negative energy
resistance 3, torment resistance, unbreathing
a: no special abilities


You were on level 1 of the Dungeon.
You were not hungry.

You visited 1 branch of the dungeon, and saw 1 of its levels.

You collected 14 gold pieces.

Inventory:

Armour
 a - a +0 robe (worn)
Jewellery
 b - an uncursed ring of resist corrosion
 c - a ring of protection from magic (right hand)
 d - a ring of protection from cold (left hand)


   Skills:
 + Level 1.6 Dodging
 + Level 1.7 Stealth
 + Level 2.7 Spellcasting
 + Level 0.7 Conjurations
 + Level 2.5 Fire Magic


You had 4 spell levels left.
You knew the following spells:

 Your Spells              Type           Power        Failure   Level  Hunger
a - Foxfire               Conj/Fire      #...         12%         1    N/A

Your spell library contained the following spells:

 Spells                   Type           Power        Failure   Level  Hunger
 Conjure Flame            Conj/Fire      #.......     34%         3    N/A
 Inner Flame              Hex/Fire       #.......     36%         3    N/A
 Sticky Flame             Conj/Fire      #.......     75%         4    N/A
 Fireball                 Conj/Fire      #.........   97%         5    N/A

Dungeon Overview and Level Annotations

Branches:
Dungeon (1/15)

Altars:


Innate Abilities, Weirdness & Mutations

You do not eat or drink.
Your flesh is vulnerable to fire.
You are immune to poison.
Your flesh is cold resistant. (rC+)
You are immune to negative energy. (rN+++)
You are immune to unholy pain and torment.
You can survive without breathing.


Message History

A jackal is nearby!
A jackal is nearby!
You see here a chain mail.
Why would you want to do that?
c - a garnet ring You see here a frilled lizard corpse.
You can't eat.
b - a ring of resist corrosion (left hand)
c - a ring of protection from magic (right hand)
d - a wooden ring You're wearing all the rings you can.
Remove which one? (? for menu, Esc to cancel) < or
b - a ring of resist corrosion > or
c - a ring of protection from magic You remove your ring of resist corrosion.
Your magical contamination has completely faded away.
d - a ring of protection from cold (left hand) Unknown command.
Unknown command.
Are you sure you want to abandon this character and quit the game? (Confirm with "yes".)

#...%.....##.....#
#......... #.....#
#........###.....###
#...................
#..≈≈≈≈≈≈≈.......#
#..≈...[.≈..†....#
#.h≈.............#
#..≈...≈≈≈≈≈..#######.
#..≈...≈>..≈.!@.......
#..≈.....≈.≈....(.####
##.≈.≈≈≈≈≈.≈..#...#
#.≈.≈.....≈..##...##
#.≈..<≈...≈..# #...#
#.≈≈≈≈≈...≈..# #..#####
#.........≈..#####......
###.≈.....≈..##.........
#.≈≈≈≈≈≈≈..........#..


There were no monsters in sight!

Vanquished Creatures
  A jackal (D:1)
  A kobold (D:1)
  2 frilled lizards (D:1)
  A rat (D:1)
5 creatures vanquished.

Vanquished Creatures (others)
  15 foxfires (D:1)
15 creatures vanquished.

Grand Total: 20 creatures vanquished

Notes
Turn   | Place    | Note
-------+----------+-------------------------------------------
     0 | D:1      | 15 the Mummy Fire Elementalist began the quest for the Orb.
     0 | D:1      | Reached XP level 1. HP: 13/13 MP: 4/4
   134 | D:1      | Quit the game

Levels and vault maps discovered:
D:1:      ebering_trefoil_twist, layout_rooms

Action                   || total
-------------------------++-------
Melee: Unarmed           ||     2
 Cast: Foxfire           ||     8
Dodge: Dodged            ||     1

Table legend:
 A = Non-vault XP
 B = Vault XP
 C = Vault XP percentage of total XP
 D = Non-vault monster count
 E = Vault monster count
 F = Vault count percentage of total count
                 A         B        C        D         E       F
            +---------+---------+-------+---------+---------+-------
      Total |       7 |       0 |   0.0 |       5 |       0 |   0.0
            +---------+---------+-------+---------+---------+-------
        D:1 |       7 |       0 |   0.0 |       5 |       0 |   0.0
            +---------+---------+-------+---------+---------+-------
